Unix NetHack Version 3.7.0-101 Work-in-progress - last build Mar 4 2024 13:34:30 (3c4ac04b664b9ee0831c739617f054b5b60dbfd1,branch:master). Game began 2024-03-25 12:40:42, ended 2024-03-25 14:43:02. misanthrope, lawful female human Valkyrie # -----|-------- |..........<.| |............| #-............| 0##### #|............| ### #|............| ---.----- ###----.--------- |....@..-##### ### +.......| #### ####### |.......| #####-------|- |.......| ##........| |.......| |.......| |.......| |.......| --------- |.......| --------- Misanthrope the Fighter St:12 Dx:16 Co:15 In:9 Wi:10 Ch:11 Lawful Dlvl:6 $:25 HP:80(80) Pw:32(32) AC:-2 Xp:8/1357 T:6291 Latest messages: You kill the lichen! You see here a lichen corpse. There is a lichen corpse here; eat it? [ynq] (n) This lichen corpse tastes terrible! You finish eating the lichen corpse. a - an uncursed +1 spear (weapon in right hand). Where do you want to travel to? (For instructions type a '?') You descend the stairs. You see here a scroll of light. G - a scroll of light. You see here 25 gold pieces. $ - 25 gold pieces. The door opens. That door is closed. The door resists! The door opens. With great effort you move the boulder. You hear a monster behind the boulder. Perhaps that's why you cannot move it. You hear a monster behind the boulder. Perhaps that's why you cannot move it. You hear a monster behind the boulder. Perhaps that's why you cannot move it. You hear a monster behind the boulder. Perhaps that's why you cannot move it. You hear a monster behind the boulder. Perhaps that's why you cannot move it. You hear a monster behind the boulder. Perhaps that's why you cannot move it. You hear a monster behind the boulder. Perhaps that's why you cannot move it. That door is closed. The door resists! The door resists! The door opens. What do you want to use or apply? [klvwzY or ?*] You are now wearing a blindfold named Col Stl Spd. You can't see any more. Wait! There's something there you can't see! You hit it. You hit it. You hit it. You kill it! What do you want to use or apply? [klvwzY or ?*] You were wearing an uncursed blindfold named Col Stl Spd. You can see again. # Really quit? [yn] (n) Do you want your possessions identified? [ynq] (y) Inventory: Coins ('$') $ - 25 gold pieces Weapons (')') a - an uncursed +1 spear (weapon in right hand) Armor ('[') i - an uncursed greased +0 orcish helm (being worn) R - a cursed -1 pair of iron shoes (being worn) c - an uncursed +3 small shield (being worn) r - an uncursed +0 dwarvish mithril-coat (being worn) Scrolls ('?') G - an uncursed scroll of light g - an uncursed scroll of teleportation Potions ('!') E - an uncursed potion of invisibility F - a blessed potion of object detection W - an uncursed potion of object detection e - an uncursed potion of restore ability f - 5 potions of holy water Wands ('/') Y - an uncursed wand of teleportation (0:4) Tools ('(') w - a blessed bag of holding containing 9 items v - an uncursed blindfold named Col Stl Spd k - a cursed lock pick named P3900 l - an uncursed oil lamp z - an uncursed oil lamp Contents of the bag of holding: 541 gold pieces a cursed -1 pair of fumble boots an uncursed food ration an uncursed scroll of enchant armor an uncursed +0 pick-axe an uncursed sapphire an uncursed worthless piece of green glass an uncursed citrine stone an uncursed amber stone Misanthrope the Valkyrie's attributes: Background: You were a Fighter, a level 8 human Valkyrie. You were lawful, on a mission for Tyr who was opposed by Odin (neutral) and Loki (chaotic). You were right-handed. You were in the Dungeons of Doom, on level 6. You entered the dungeon 6291 turns ago. There was a full moon in effect when your adventure ended. You had 1357 experience points, 1203 more were needed to attain level 9. Basics: You had all 80 hit points. You had all 32 energy points (spell power). Your armor class was -2. Your wallet contained 25 zorkmids, and you had 541 more stashed away in your pack. Autopickup was off. Final Characteristics: Your strength was 12 (peak:15, limit:18/100). Your dexterity was 16 (limit:18). Your constitution was 15 (peak:18, limit:18). Your intelligence was 9 (limit:18). Your wisdom was 10 (limit:18). Your charisma was 11 (limit:18). Final Status: You weren't hungry. You were unencumbered. You were wielding a spear. You had basic skill with spear and could have enhanced that. Final Attributes: You were piously aligned. You were cold resistant. You were stealthy. You were guarded. You were fast. You were lucky. You survived. Miscellaneous: You never encountered a bones level. Total elapsed playing time was 1 hour, 58 minutes and 8 seconds. Major events: Turn 1: misanthrope the lawful human Valkyrie entered the dungeon 1054: attained the rank of Skirmisher (level 3) 2746: entered the Gnomish Mines 3777: attained the rank of Fighter (level 6) 5205: reached Mine Town 6291: quit Vanquished creatures: a giant mimic a small mimic a carnivorous ape a dingo a dog a dust vortex a raven a snake 2 human zombies a pony a yellow light 8 gnome leaders 3 gnomish wizards a gray ooze an elf zombie a little dog 2 floating eyes 4 dwarves a homunculus a kobold leader 18 hill orcs 2 rothes 2 rabid rats 2 giant bats a monkey 5 orc zombies 16 dwarf zombies 2 wererats 4 iguanas an acid blob 3 coyotes 2 hobbits 9 manes a large kobold a hobgoblin 3 giant rats a cave spider a brown mold a yellow mold a green mold 37 gnomes a garter snake 11 gnome zombies 5 geckos 8 jackals a fox 4 goblins 4 sewer rats 14 grid bugs 4 bats 6 lichens 12 kobold zombies 8 newts 225 creatures vanquished. No species were genocided or became extinct. Voluntary challenges: You read items or engraved 11 times. You engraved Elbereth 1 time. You never genocided any monsters. You never polymorphed an object. You never changed form. You used no wishes. Achievements: You attained the rank of Skirmisher. You entered a shop. You entered the Gnomish Mines. You attained the rank of Fighter. You entered Minetown. You entered a temple. The Dungeons of Doom: levels 1 to 6 Level 1: A fountain. Level 2: A general store. Level 3: A general store, some fountains. Level 4: An altar to Tyr, some fountains. Stairs down to The Gnomish Mines. Level 5: Some sinks. Level 6: <- You were here. The Gnomish Mines: levels 5 to 9 Level 5: Level 6: Level 7: A temple and an altar, some fountains. Level 8: Level 9: Farvel misanthrope the Valkyrie... You quit in The Dungeons of Doom on dungeon level 6 with 6414 points, and 566 pieces of gold, after 6291 moves. You were level 8 with a maximum of 80 hit points when you quit.